 Dungeon Crawl Stone Soup version 0.32-a0-900-g30fb1b0edc (webtiles) character file.

Game seed: 6176077777259032275

110 Autsider the Caller (level 4, -9/37 HPs)
             Began as a Mountain Dwarf Summoner on Apr 6, 2024.
             Mangled by a gnoll
             ... wielding a +0 halberd
              (14 damage)
             ... on level 3 of the Dungeon.
             The game lasted 00:07:42 (2170 turns).

Autsider the Caller (Mountain Dwarf Summoner)       Turns: 2170, Time: 00:07:43

Health: -9/37      AC:  3    Str: 10    XL:     4   Next: 61%
Magic:  2/7        EV: 10    Int: 18    God:
Gold:   130        SH:  0    Dex: 10    Spells: 3/7 levels left

rFire   . . .        h - +0 mace
rCold   . . .        (no shield)
rNeg    . . .        f - +0 leather armour
rPois   .            (no helmet)
rElec   .            (no cloak)
rCorr   .            (no gloves)
SInv    .            (no boots)
Will    .....        (no amulet)
Stlth   +            (no ring)
HPRegen 0.26/turn    (no ring)
MPRegen 0.10/turn

%: no passive effects
@: unable to call your familiar
A: runic magic, artefact enchanting
a: no special abilities


You were on level 3 of the Dungeon.
You visited 1 branch of the dungeon, and saw 3 of its levels.

You collected 130 gold pieces.

Inventory:

Hand Weapons
 h - a +0 mace (weapon)
Armour
 a - a +0 robe
 f - a +0 leather armour (worn)
Scrolls
 c - a scroll of poison {unknown}
 e - a scroll of fog {unknown}
 g - 3 scrolls of enchant armour {unknown}
Potions
 b - a potion of magic
 d - a potion of brilliance
 i - a potion of curing {@q1}
 j - a potion of heal wounds {unknown}


   Skills:
 + Level 2.7 Fighting
 + Level 1.1 Armour
 - Level 1.3 Dodging
 - Level 2.0 Stealth
 - Level 2.0 Spellcasting
 + Level 4.7 Summonings


You had 3 spell levels left.
You knew the following spells:

 Your Spells              Type           Power      Damage    Failure   Level
a - Call Canine Familiar  Summ           18%        N/A       9%          3
b - Summon Small Mammal   Summ           72%        N/A       2%          1

Your spell library contained the following spells:

 Spells                   Type           Power      Damage    Failure   Level
 Call Imp                 Summ           36%        N/A       4%          2
 Sandblast                Erth           2%         2d4       19%         1
 Sigil of Binding         Hex            1%         N/A       50%         3
 Summon Blazeheart Golem  Fire/Summ      10%        N/A       58%         4
 Summon Lightning Spire   Summ/Air       10%        N/A       58%         4
 Dimensional Bullseye     Hex/Tloc       0%         N/A       88%         4
 Petrify                  Alch/Erth      1%         N/A       88%         4
 Summon Forest            Summ/Tloc      5%         N/A       90%         5
 Summon Mana Viper        Hex/Summ       10%        N/A       90%         5
 Borgnjor's Vile Clutch   Necr/Erth      0%         N/A       99%         5


Dungeon Overview and Level Annotations

Branches:
Dungeon (3/15)

Altars:

Annotations:
D:2 Crazy Yiuf


Innate Abilities, Weirdness & Mutations

Your spellcasting is much less encumbered by armour.
You can use scrolls of enchantment on lesser artefacts.


Message History

* * * LOW HITPOINT WARNING * * *
The grasping roots constrict something.
A gnoll comes into view. It is wielding a +0 halberd.
The gnoll hits you from afar with a +0 spear.
* * * LOW HITPOINT WARNING * * *
The grasping roots constrict your inugami.
Your inugami hits the gnoll.
Found a sapphire potion and a scroll labelled USHRUD VEUSUPS.
The gnoll hits your inugami with a +0 spear.
The grasping roots constrict your inugami.
Your inugami closely misses the gnoll.
The gnoll grasping roots sink back into the ground.
The gnoll hits your inugami but does no damage.
Your inugami hits the gnoll. Something barely misses your inugami.
j - a sapphire potion Your inugami completely misses the gnoll.
The gnoll hits your inugami with a +0 halberd.
Your inugami closely misses the gnoll.
Casting: Summon Small Mammal (safe; 2% risk of failure)
Confirm with . or Enter, or press ? or * to list all spells.
You don't have enough magic to cast this spell.
Casting: Summon Small Mammal (safe; 2% risk of failure)
Confirm with . or Enter, or press ? or * to list all spells.
You don't have enough magic to cast this spell.
The gnoll completely misses your inugami.
Your inugami hits the gnoll!
The gnoll dies!
The gnoll hits your inugami with a +0 halberd.
Your inugami dies!
Your inugami disappears in a puff of smoke! 2 gnolls and a quokka come into view.
The gnoll moves out of view.
Casting: Summon Small Mammal (safe; 2% risk of failure)
Confirm with . or Enter, or press ? or * to list all spells.
The gnoll hits you from afar with a +0 halberd!
* * * LOW HITPOINT WARNING * * *
The gnoll attacks as it pursues you!
The gnoll hits you from afar with a +0 halberd!
You die...

#.. #..
#########.##
#..
#.gr@.......
#..
#.#####.....
#..##.# ...
#####?.##g# .
.......##r###
........go.?#
#####.g##...#
#..##...# .
#.g##...#


You could see a gnoll (ally target) and a friendly rat (summoned).

Vanquished Creatures
  An adder (D:2)
  A ribbon worm (D:2)
  A ball python (D:1)
  A bat (D:1)
  2 endoplasms
  6 giant cockroaches
  4 goblins
  4 hobgoblins
  3 jackals (D:1)
  A quokka (D:2)
  3 kobolds
  A rat (D:2)
28 creatures vanquished.

Vanquished Creatures (collateral kills)
  Jessica (D:2)
  A gnoll (D:3)
  An adder (D:2)
  2 ribbon worms (D:2)
  A bat (D:2)
  An endoplasm (D:1)
  2 giant cockroaches
  A hobgoblin (D:2)
  3 ball pythons
  2 kobolds (D:1)
  A rat (D:3)
16 creatures vanquished.

Grand Total: 44 creatures vanquished

Notes
Turn   | Place    | Note
-------+----------+-------------------------------------------
     0 | D:1      | Autsider the Mountain Dwarf Summoner began the quest for
                  | the Orb.
     0 | D:1      | Reached XP level 1. HP: 14/14 MP: 3/3
   195 | D:1      | Reached XP level 2. HP: 22/22 MP: 4/4
   199 | D:1      | Got Dahery's Cyclopedia of Arenous Support
   362 | D:1      | Reached skill level 1 in Fighting
   386 | D:1      | Found a faded altar of an unknown god.
   916 | D:2      | Reached XP level 3. HP: 28/28 MP: 6/6
   927 | D:2      | Learned a level 3 spell: Call Canine Familiar
  1358 | D:2      | Noticed Jessica
  1361 | D:2      | Killed Jessica
  1362 | D:2      | Reached XP level 4. HP: 37/37 MP: 3/7
  1770 | D:2      | Reached skill level 1 in Armour
  1861 | D:2      | Found a runed translucent door.
  1862 | D:2      | Noticed Crazy Yiuf
  2170 | D:3      | Mangled by a gnoll

Illustrated notes

Levels and vault maps discovered:
D:1:      wander_arrival_chamber, layout_basic,
          hellmonk_ecumenical_altar_run_dry
D:2:      layout_loops_ring, uniq_jessica, uniq_crazy_yiuf_cottage
D:3:      layout_loops_ring, gammafunk_ghost_smash, lexackson_kobold_supper,
          uniq_terence, uniq_grinder

Skill      XL: |  1  2  3  4 |
---------------+-------------+-----
Spellcasting   | 2 |  2.0
Fighting       | 1 2 |  2.7
Stealth        | 2 |  2.0
Armour         | 1 |  1.1
Dodging        | |  1.3
Summonings     | |  4.7

Action                     |  1- 3 |  4- 6 || total
---------------------------+-------+-------++-------
  Melee: Club              |    69 |       ||    69
         Unarmed           |     9 |       ||     9
         Mace              |    34 |    20 ||    54
   Cast: Summon Small Mamm |    22 |     4 ||    26
         Call Canine Famil |     5 |     8 ||    13
    Use: Potion            |     2 |       ||     2
   Stab: Sleeping          |     2 |       ||     2
         Distracted        |     1 |       ||     1
 Armour: Robe              |    79 |       ||    79
         Leather armour    |       |    28 ||    28
  Dodge: Dodged            |    89 |     8 ||    97

Table legend: (Time is in decaauts)
 A = Elapsed time spent in this place.
 B = Non-inter-level travel time spent in this place.
 C = Inter-level travel time spent in this place.
 D = Time resting spent in this place.
 E = Time spent auto-exploring this place.
 F = Levels seen in this place.
 G = Mean time per level.
                   A        B        C        D        E       F      G
               +--------+--------+--------+--------+--------+-----+--------+
         Total |   2210 |   2124 |     86 |     84 |   1466 |   3 |  736.7 |
       Dungeon |   2210 |   2124 |     86 |     84 |   1466 |   3 |  736.7 |
               +--------+--------+--------+--------+--------+-----+--------+

Top non-repeatable levels by time:
     D:2: 1250 daAuts
     D:1: 926 daAuts
     D:3: 33 daAuts
